 Dungeon Crawl Stone Soup version 0.22-a0-877-g5c4e1af (webtiles) character file.

23 iamserjio the Chiller (level 2, -1/15 HPs)
             Began as a Deep Elf Ice Elementalist on July 29, 2018.
             Slain by a worm (2 damage)
             ... on level 2 of the Dungeon.
             The game lasted 00:02:42 (347 turns).

iamserjio the Chiller (Deep Elf Ice Elementalist)    Turns: 347, Time: 00:02:42

Health: -1/15      AC:  2    Str:  5    XL:     2   Next: 75%
Magic:  1/8        EV: 13    Int: 19    God:
Gold:   26         SH:  0    Dex: 15    Spells: 6/7 levels left

rFire    . . .     SeeInvis .   i - +0 short sword
rCold    . . .     Gourm    .   (no shield)
rNeg     . . .     Faith    .   a - +0 robe
rPois    .         Spirit   .   (no helmet)
rElec    .         Reflect  .   (no cloak)
rCorr    .         Harm     .   (no gloves)
MR       .....                  (no boots)
Stlth    ++........             (no amulet)
HPRegen  0.05/turn              (no ring)
MPRegen  0.11/turn              (no ring)

@: no status effects
A: no striking features
a: no special abilities


You were on level 2 of the Dungeon.
You were not hungry.

You visited 1 branch of the dungeon, and saw 2 of its levels.

You collected 26 gold pieces.

Inventory:

Hand Weapons
 b - a +0 club
 i - a +0 short sword (weapon)
Missiles
 d - 17 stones (quivered)
 g - 3 tomahawks of returning
Armour
 a - a +0 robe (worn)
Scrolls
 e - 2 scrolls of identify {unknown}
 h - a scroll of remove curse {unknown}
Potions
 f - 2 potions of curing {unknown}
Comestibles
 c - 3 rations


   Skills:
 + Level 2.9 Dodging
 - Level 2.4 Stealth
 + Level 3.4 Spellcasting
   Level 1.1 Conjurations
 * Level 4.0 Ice Magic


You had 6 spell levels left.
You knew the following spells:

 Your Spells              Type           Power        Failure   Level  Hunger
a - Freeze                Ice            ###.         2%          1    None

Your spell library contained the following spells:

 Spells                   Type           Power        Failure   Level  Hunger
 Throw Frost              Conj/Ice       ##....       8%          2    ##.....
 Summon Ice Beast         Ice/Summ       ##......     54%         4    ####...
 Ozocubu's Armour         Chrm/Ice       ##......     19%         3    ###....
 Throw Icicle             Conj/Ice       ##......     45%         4    ####...


Dungeon Overview and Level Annotations

Branches:
Dungeon (2/15)

Altars:
Ru


Message History

The worm is heavily wounded.
Casting: Freeze (safe; 2% risk of failure)
Confirm with . or Enter, or press ? or * to list all spells.
Aiming: Freeze (safe; 2% risk of failure)
Press: ? - help, Shift-Dir - straight line, f/p - worm
Aim: a worm (heavily wounded)
You freeze the worm.
The worm is severely wounded.
The worm bites you!
Ouch! That really hurt!
* * * LOW HITPOINT WARNING * * *
Casting: Freeze (safe; 2% risk of failure)
Confirm with . or Enter, or press ? or * to list all spells.
Aiming: Freeze (safe; 2% risk of failure)
Press: ? - help, Shift-Dir - straight line, f/p - worm
Aim: a worm (heavily wounded)
You freeze the worm.
The worm is almost dead.
The worm bites you.
You die...

#..........#
##..###.####
##.# #.# #..
#.# ##. #.#
#.##.#
#..#.# #$#.#
#.@.# ##.w#
#..# #..#
#..# ##>#
###


You could see a worm.

Vanquished Creatures
  An ooze (D:1)
  A worm (D:2)
  A leopard gecko (D:1)
  A ball python (D:1)
  5 bats
  2 hobgoblins
  4 frilled lizards
  2 kobolds (D:2)
  A rat (D:2)
18 creatures vanquished.

Vanquished Creatures (others)
  A leopard gecko (D:1)
  A hobgoblin (D:1)
2 creatures vanquished.

Grand Total: 20 creatures vanquished

Notes
Turn   | Place    | Note
-------+----------+-------------------------------------------
     0 | D:1      | iamserjio the Deep Elf Ice Elementalist began the quest for the Orb.
     0 | D:1      | Reached XP level 1. HP: 10/10 MP: 6/6
    99 | D:1      | Reached XP level 2. HP: 14/15 MP: 2/8
   234 | D:2      | Found a faded altar of an unknown god.
   276 | D:2      | Found a sacrificial altar of Ru.
   318 | D:2      | Reached skill level 4 in Ice Magic
   347 | D:2      | Slain by a worm

Vault maps used:
D:1:      lightli_arrival_quake, lemuel_flame_loot_1
D:2:      lemuel_coloured_pillars_altar, chequers_ecumenical_altar_simple

Skill      XL: |  1  2 |
---------------+-------+-----
Ice Magic      | 4 |  4.0
Dodging        | |  2.9
Stealth        | |  2.4
Spellcasting   | |  3.4
Conjurations   | |  1.1

Action                   || total
-------------------------++-------
Melee: Club              ||     2
       Short sword       ||     1
 Cast: Freeze            ||    29
Armor: Robe              ||     4
Dodge: Dodged            ||    17

Table legend:
 A = Spawn XP
 B = Non-spawn XP
 C = Spawn XP percentage of total XP
 D = Spawn monster count
 E = Non-spawn monster count
 F = Spawn count percentage of total count
 G = Total turns spent on level
                    A         B        C        D         E        F      G
               +---------+---------+-------+---------+---------+-------+---------
         Total |       0 |      34 |   0.0 |       0 |      18 |   0.0 |   347
               +---------+---------+-------+---------+---------+-------+---------
           D:1 |       0 |      19 |   0.0 |       0 |       8 |   0.0 |   179
           D:2 |       0 |      15 |   0.0 |       0 |      10 |   0.0 |   168
               +---------+---------+-------+---------+---------+-------+---------
